 Dungeon Crawl Stone Soup version 0.17-a0-1685-g57e755e (webtiles) character file.

348 Gorice the Cutter (level 6, -4/43 HPs)
             Began as an Octopode Wanderer on Aug 19, 2015.
             Killed from afar by an orc wizard (8 damage)
             ... with a magic dart
             ... on level 4 of the Dungeon.
             The game lasted 00:11:04 (3795 turns).

Gorice the Cutter (Octopode Wanderer)               Turns: 3795, Time: 00:11:04

Health: -4/43      AC:  1    Str: 12    XL:     6   Next: 60%
Magic:  6/6        EV: 12    Int: 14    God:
Gold:   178        SH:  0    Dex: 17    Spells: 0 memorised, 5 levels left

rFire  . . .     SeeInvis .     a - +3 short sword
rCold  . . .     Clarity  .     (no shield)
rNeg   . . .     SustAt   .     (helmet restricted)
rPois  .         Gourm    .     s - amulet of rage
rElec  .         Spirit   .     z - +4 ring of dexterity
rCorr  .         Warding  .     (no ring)
rMut   .         Stasis   .     (no ring)
MR     .....                    (no ring)
Stlth  +++.......               (no ring)
                                (no ring)
                                (no ring)
                                (no ring)

@: not resistant to hostile enchantments, fairly stealthy
A: almost no armour, amphibious, 8 rings, constrict 8, camouflage 1, gelatinous
body 1
a: Evoke Berserk Rage


You were on level 4 of the Dungeon.
You were not hungry.

You visited 1 branch of the dungeon, and saw 4 of its levels.

You collected 178 gold pieces.

Inventory:

Hand weapons
 a - a +3 short sword (weapon)
 c - a +0 hand axe
 d - a +0 dagger
 n - a +0 spear
 x - a +0 falchion
Missiles
 f - 31 bolts
 r - 7 bolts of frost
 Z - 90 stones (quivered)
Jewellery
 s - an amulet of rage (around mantle)
 z - a +4 ring of dexterity (left tentacle)
Magical devices
 p - a wand of frost (23)
Scrolls
 b - 6 scrolls of teleportation {!r}
 g - a scroll of remove curse
 v - a scroll of immolation {!r}
 A - a scroll of enchant armour
Potions
 h - a potion of magic {!q}
 k - 2 potions of curing {unknown}
 l - a potion of degeneration {unknown}
 m - a potion of flight {unknown}
 o - a potion of beneficial mutation {unknown}
 t - 2 potions of agility {unknown}
 u - 2 potions of heal wounds {unknown}
Comestibles
 e - 4 bread rations {!e}
 i - a beef jerky
 j - a meat ration {!e}
 q - a royal jelly


   Skills:
 + Level 4.0 Fighting
 * Level 5.5 Short Blades
 - Level 3.0 Axes
 + Level 1.1 Dodging
 - Level 2.6 Stealth
   Level 1.0 Shields


You had 5 spell levels left.
You didn't know any spells.

Dungeon Overview and Level Annotations

Branches:
Dungeon (4/15)
 Temple: D:4-7

Altars:
Yredelemnul


Innate Abilities, Weirdness & Mutations

You cannot wear most types of armour.
You are amphibious.
You can wear up to eight rings at the same time.
You can use your tentacles to constrict eight enemies at once.
Your skin changes colour to match your surroundings (Stealth).
Your rubbery body absorbs attacks (AC +1).


Message History

Deactivating autopickup; reactivate with Ctrl-A.
The orc priest miscasts a cantrip.
You miss the orc wizard. Your grab misses the orc wizard.
You squeeze the orc wizard!
The orc wizard is heavily wounded.
The orc wizard gestures at you while chanting.
The magic dart hits you!
Damage: 6 (max 12)
You puncture the orc wizard!
You kill the orc wizard!
Your Dodging skill increases to level 1!
The quokka bites you. The orc priest closely misses you.
Things that are here:
a dagger; a robe; an orc corpse; Damage: 1 (max 12)
You hit the orc priest but do no damage.
You grab the orc priest.
The orc priest is heavily wounded.
You constrict the orc priest. The quokka closely misses you.
The orc priest mumbles some strange prayers to Beogh against you.
Something smites you! The quokka misses you.
Damage: 12 (max 12)
You hit the orc priest.
The orc priest is severely wounded.
You constrict the orc priest. The orc priest hits you with a dagger.
* * * LOW HITPOINT WARNING * * *
Damage: 2 (max 12)
You hit the orc priest.
You kill the orc priest!
Your Fighting skill increases to level 4!
The quokka bites you.
* * * LOW HITPOINT WARNING * * *
Damage: 2 (max 12) Unknown command.
You are too injured to fight recklessly!
The quokka completely misses you.
You hit the quokka. Your grab misses the quokka.
You squeeze the quokka, but do no damage.
The quokka is moderately wounded.
The quokka misses you.
You hit the quokka but do no damage. Your grab misses the quokka.
The quokka is moderately wounded.
The quokka bites you.
* * * LOW HITPOINT WARNING * * *
Damage: 5 (max 12)
You barely miss the quokka. Your grab misses the quokka.
You squeeze the quokka.
You kill the quokka!
A magic dart appears from out of thin air!
The magic dart hits you!
You die...

###################
#....).............
#.###o#.....######...
#.#>........o....
#.#.###.#....#...
#@#.# #..........
#.### #.......### #.#
#.......# #.#
#.......# #.#
##......# #.#
#......# #.# #.# #.#


You could see an orc wizard.

Vanquished Creatures
  The ghost of emiel the Sneak, a weakling OpWn (D:3)
  An orc priest (D:4)
  Ijyb (D:2)
  A worker ant (D:4)
  Natasha (thrice) (D:2)
  2 orc wizards
  4 adders
  3 gnolls
  2 worms (D:2)
  3 giant geckos
  7 orcs
  3 giant cockroaches
  6 hobgoblins
  2 quokkas
  2 ball pythons (D:2)
  5 bats
  3 giant newts
  10 goblins
  4 jackals (D:3)
  5 kobolds
  5 rats
73 creatures vanquished.

Notes
Turn   | Place    | Note
--------------------------------------------------------------
     0 | D:1      | Gorice the Octopode Wanderer began the quest for the Orb.
     0 | D:1      | Gorice set off with: a +2 short sword, a scroll of teleportation {!r}, a +0 hand axe, a +0 dagger, a bread ration {!e}
     0 | D:1      | Reached XP level 1. HP: 14/14 MP: 1/1
   188 | D:1      | Reached XP level 2. HP: 8/19 MP: 2/2
   842 | D:2      | Reached skill level 3 in Short Blades
   847 | D:2      | Reached XP level 3. HP: 22/25 MP: 3/3
   884 | D:2      | Noticed Natasha
   890 | D:2      | Killed Natasha
   972 | D:2      | Reached XP level 4. HP: 14/30 MP: 4/4
  1273 | D:2      | Noticed Natasha
  1282 | D:2      | Killed Natasha
  1282 | D:2      | Reached skill level 3 in Fighting
  1284 | D:2      | Reached skill level 4 in Short Blades
  1485 | D:1      | HP: 5/31 [gnoll/spear (9)]
  1924 | D:2      | Noticed Ijyb
  1942 | D:2      | Killed Ijyb
  1942 | D:2      | Reached XP level 5. HP: 32/36 MP: 5/5
  2093 | D:2      | Noticed Natasha
  2102 | D:2      | Killed Natasha
  2322 | D:3      | HP: 6/36 [orc/mace (9)]
  2782 | D:3      | Noticed emiel's ghost (weakling OpWn)
  2790 | D:3      | HP: 9/36 [emiel's ghost (7)]
  2793 | D:3      | Killed emiel's ghost
  2793 | D:3      | Reached skill level 5 in Short Blades
  2793 | D:3      | Reached XP level 6. HP: 8/43 MP: 6/6
  3723 | D:4      | Found a basalt altar of Yredelemnul.
  3785 | D:4      | Reached skill level 1 in Dodging
  3788 | D:4      | HP: 11/43 [orc priest/dagger (3)]
  3789 | D:4      | Reached skill level 4 in Fighting
  3793 | D:4      | HP: 4/43 [quokka (5)]
  3795 | D:4      | Killed from afar by an orc wizard

Vault maps used:
D:1:      saegor_arrival_simple_c, minmay_misc_feat_diagonals
D:2:      uniq_natasha, uniq_iyjb
D:3:      serial_park_tiny_1
D:4:      kennysheep_little_box, makhleb_blood_cavern_becter, uniq_pikel

Action                   |  1- 3 |  4- 6 || total
-------------------------+-------+-------++-------
Melee: Short sword       |    53 |   103 ||   156
Throw: Stone             |     3 |       ||     3
Evoke: Wand              |       |     2 ||     2
  Use: Scroll            |     4 |     5 ||     9
 Stab: Sleeping          |     5 |     7 ||    12
  Eat: Chunk             |       |     9 ||     9

Table legend:
 A = Turns spent in this place as a percentage of turns spent in the entire game.
 B = Non-inter-level travel turns spent in this place as a percentage of non-inter-level travel turns spent in the entire game.
 C = Inter-level travel turns spent in this place as a percentage of turns spent in this place.
 D = Turns resting spent in this place as a percentage of non-inter-level travel turns spent in this place.
 E = Turns spent auto-exploring this place as a percentage of non-inter-level travel turns spent in this place.
 F = Non-inter-level travel turns spent in this place divided by the number of levels of this place that you've seen.
                   A       B       C       D       E      F
               +-------+-------+-------+-------+-------+----------------------
         Total | 100.0 | 100.0 |   0.6 |   2.8 |   7.4 | 254.2
       Dungeon | 100.0 | 100.0 |   0.6 |   2.8 |   7.4 | 254.2
               +-------+-------+-------+-------+-------+----------------------

Vault maps used:
D:1:      saegor_arrival_simple_c, minmay_misc_feat_diagonals
D:2:      uniq_natasha, uniq_iyjb
D:3:      serial_park_tiny_1
D:4:      kennysheep_little_box, makhleb_blood_cavern_becter, uniq_pikel
